 Dungeon Crawl Stone Soup version 0.23.0 (webtiles) character file.

Game seed: 17076019700176138287

38991 lapinsky the Blocker (level 13, -5/96 HPs)
             Began as a Demonspawn Fighter on Feb 13, 2019.
             Was the Champion of Nemelex Xobeh.
             Killed from afar by a twister (12 damage)
             ... with a tornado
             ... summoned by a card of wild magic
             ... on level 15 of the Dungeon.
             The game lasted 01:09:33 (15743 turns).

lapinsky the Blocker (Demonspawn Fighter)          Turns: 15743, Time: 01:09:34

Health: -5/96      AC: 28    Str: 24    XL:     13   Next: 66%
Magic:  20/20      EV:  9    Int: 11    God:    Nemelex Xobeh [******]
Gold:   1012       SH: 18    Dex: 13    Spells: 22/22 levels left

rFire    . . .     SeeInvis .   h - +3 morningstar (protect)
rCold    . . .     Gourm    .   c - +0 shield
rNeg     . . .     Faith    .   t - +2 plate armour
rPois    .         Spirit   .   M - +0 hat
rElec    .         Reflect  +   (no cloak)
rCorr    +         Harm     .   r - +2 pair of gloves
MR       .....                  E - +2 pair of boots
Stlth    ..........             x - +6 amulet of reflection
HPRegen  1.26/turn              A - +2 ring of protection
MPRegen  0.17/turn              i - +4 ring of strength

@: about to teleport, marked, flying (expiring)
A: horns 2, yellow scales 3, powered by death 2
a: Draw Escape, Draw Destruction, Draw Summoning, Triple Draw, Deal Four, Stack
Five, Renounce Religion


You were on level 15 of the Dungeon.
You worshipped Nemelex Xobeh.
Nemelex Xobeh was exalted by your worship.
You were not hungry.

You visited 1 branch of the dungeon, and saw 15 of its levels.

You collected 1120 gold pieces.
You spent 108 gold pieces at shops.

Inventory:

Hand Weapons
 h - a +3 morningstar of protection (weapon)
 p - a +4 battleaxe
Missiles
 a - 4 tomahawks (quivered)
Armour
 c - a +0 shield (worn)
 r - a +2 pair of gloves (worn)
 t - a +2 plate armour (worn)
 E - a +2 pair of boots (worn)
 M - a +0 hat (worn)
Jewellery
 i - a +4 ring of strength (right hand)
 v - an uncursed amulet of rage
 x - a +6 amulet of reflection (around neck)
 A - a +2 ring of protection (left hand)
 D - an uncursed ring of poison resistance
Wands
 s - a wand of random effects (12)
 B - a wand of digging (17)
 G - a wand of paralysis (3)
 H - a wand of iceblast (28)
 P - a wand of disintegration (25)
Scrolls
 b - 2 scrolls of teleportation
 e - 4 scrolls of remove curse
 g - 2 scrolls of brand weapon
 j - 3 scrolls of blinking
 k - 2 scrolls of fog
 m - 3 scrolls of magic mapping
 u - a scroll of holy word {unknown}
 y - 2 scrolls of identify
 I - 2 scrolls of summoning
 K - a scroll of enchant armour
 Q - a scroll of vulnerability {unknown}
Potions
 d - 3 potions of might
 l - a potion of heal wounds {unknown}
 n - a potion of haste
 o - a potion of mutation
 q - 2 potions of agility
 w - 2 potions of brilliance
 z - 3 potions of invisibility
 C - a potion of curing
 F - 2 potions of flight
 J - 2 potions of lignification
Miscellaneous
 L - a crystal ball of energy
 O - a box of beasts
Comestibles
 f - 29 rations
 N - 4 chunks of flesh


   Skills:
 + Level 7.3 Fighting
 + Level 8.2(9.9) Axes
 + Level 8.7(10.3) Maces & Flails
   Level 2.3(6.0) Staves
 + Level 2.1 Throwing
 + Level 8.4 Armour
 * Level 6.4 Dodging
 + Level 1.4 Stealth
 + Level 10.9 Shields
 - Level 5.0 Spellcasting
 - Level 7.2 Invocations
 * Level 5.7 Evocations


You had 22 spell levels left.
You didn't know any spells.
Your spell library contained the following spells:

 Spells                   Type           Power        Failure   Level  Hunger
 Animate Skeleton         Necr           N/A          99%         1    None
 Apportation              Tloc           #.....       99%         1    None
 Confusing Touch          Hex            #.....       99%         1    None
 Flame Tongue             Conj/Fire      #....        99%         1    None
 Pain                     Necr           #...         99%         1    None
 Sting                    Conj/Pois      #...         99%         1    None
 Summon Small Mammal      Summ           #...         99%         1    None
 Corpse Rot               Necr           N/A          100%        2    ##.....
 Poisonous Vapours        Pois/Air       #.....       100%        2    ##.....
 Throw Flame              Conj/Fire      #.....       100%        2    ##.....
 Conjure Flame            Conj/Fire      #.......     100%        3    ###....
 Ignite Poison            Fire/Tmut/Pois #.......     100%        3    ###....
 Inner Flame              Hex/Fire       #.......     100%        3    ###....
 Mephitic Cloud           Conj/Pois/Air  #.......     100%        3    ###....
 Regeneration             Chrm/Necr      #.........   100%        3    ###....
 Stone Arrow              Conj/Erth      #.....       100%        3    ###....
 Vampiric Draining        Necr           #.........   100%        3    ###....
 Animate Dead             Necr           N/A          100%        4    ####...
 Leda's Liquefaction      Hex/Erth       #.........   100%        4    ####...
 Olgreb's Toxic Radiance  Pois           #.......     100%        4    ####...
 Sticky Flame             Conj/Fire      #.......     100%        4    ####...
 Fireball                 Conj/Fire      #.........   100%        5    ######.
 Summon Forest            Summ/Tloc      #.........   100%        5    ######.
 Venom Bolt               Conj/Pois      #.........   100%        5    ######.
 Bolt of Fire             Conj/Fire      #.........   100%        6    #######
 Freezing Cloud           Conj/Ice/Air   #.........   100%        6    #######
 Hydra Form               Tmut           #.........   100%        6    #######
 Ring of Flames           Chrm/Fire      #.........   100%        7    #######
 Summon Hydra             Summ           #.........   100%        7    #######
 Ignition                 Fire           #.........   100%        8    #######


Dungeon Overview and Level Annotations

Branches:
Dungeon (15/15)            Temple (0/1) D:4            Lair (0/6) D:9
    Orc (0/2) D:12         Vaults (0/5) D:14
 Depths: D:15

Altars:
Cheibriados
Elyvilon
Hepliaklqana
Nemelex Xobeh
Qazlal
Sif Muna
Trog
Uskayaw
Vehumet
Xom
Zin
Beogh

Shops:
D:4 [   D:6 ?   D:7 %   D:13 *

Portals:
Trove: D:13 (give 8 potions of haste)


Innate Abilities, Weirdness & Mutations

You have a pair of horns on your head.
You are completely covered in yellow scales. (AC +4, rCorr)
You regenerate health from kills.


Message History

You feel strangely unstable.
Reactivating autopickup.
You feel a bit more experienced.
The vortex of raging winds lifts you up.
You fly up into the air.
* * * LOW HITPOINT WARNING * * *
The cyan ugly thing punches your twister!
The cyan ugly thing shocks your twister.
Your twister completely resists.
The cyan ugly thing dies!
* * * LOW HITPOINT WARNING * * *
You block the purple ugly thing's attack.
You are engulfed in raging winds.
* * * LOW HITPOINT WARNING * * *
The cyan ugly thing gores your twister.
The cyan ugly thing shocks your twister.
Your twister completely resists.
The cyan ugly thing dies!
You die...
Your body glows with a rainbow of weird colours and disappears.

..####### #..................
..# #.....§§§§§§§§§.... #.#
##....§§§§§§§§§..... #.##
###.....§§§§§§§§§§.)..
#..######.......§§§§§§§§§.....
#.<.............§§§§§v§§§.....
##..............§§§§§§§§§§....
#..............§§§§§§§§§§...$
................@§§§§§u§§§....
...#.....###############.§....
########## ######


You could see a purple ugly thing and a friendly twister.

Vanquished Creatures
  Gastronok (D:10)
  Harold (D:10)
  2 hydras
  3 centaur warriors
  An anaconda (D:11)
  5 two-headed ogres
  A deep troll (D:14)
  2 unseen horrors
  The ghost of Nr616 the Cleaver, a novice MiBe of Trog (D:6)
  A mana viper (D:11)
  2 orc knights (D:14)
  6 ugly things
  A manticore (D:12)
  2 deep elf magi (D:14)
  2 cyclopes
  A centaur zombie (D:10)
  Psyche (D:10)
  An eye of devastation (D:9)
  A gargoyle (D:14)
  A kobold demonologist (D:13)
  3 trolls
  A merfolk (D:11)
  Grinder (D:5)
  A queen bee (D:10)
  6 hippogriffs
  2 shadows
  A wyvern (D:14)
  3 wraiths
  2 vampires
  Eustachio (D:5)
  A hog (D:5)
  16 yaks
  2 hungry ghosts
  2 steam dragons (D:12)
  2 vampire mosquitoes (D:12)
  5 wargs
  Menkaure (D:5)
  2 acid dragons
  A water moccasin (D:8)
  A hell hound (D:9)
  3 porcupines (D:9)
  5 sky beasts
  5 ice beasts
  10 orc warriors
  4 phantoms
  A swamp drake (D:9)
  5 black bears
  2 necrophages
  2 eyes of draining (D:9)
  7 ogres
  9 centaurs
  A crocodile (D:13)
  15 bullfrogs
  5 scorpions
  23 killer bees
  16 wights
  2 electric eels (D:11)
  A howler monkey (D:5)
  5 crimson imps
  A quasit (D:9)
  4 bullfrog zombies
  5 jellies
  8 hounds
  7 orc priests
  9 orc wizards
  3 bullfrog skeletons
  6 iguanas
  8 worker ants
  A hound zombie (D:3)
  A worker ant zombie (D:9)
  15 adders
  A gnoll (D:1)
  2 howler monkey skeletons (D:7)
  4 shadow imps
  2 oozes
  An adder skeleton (D:8)
  2 dart slugs
  5 worms
  4 leopard geckos
  28 orcs
  2 ball pythons (D:2)
  12 bats
  6 giant cockroaches
  10 hobgoblins
  13 jackals
  3 quokkas
  A ball python zombie (D:5)
  6 frilled lizards
  9 goblins
  9 kobolds
  8 rats
  3 fire vortices (D:9)
  2 fungi (D:9)
  2 plants (D:9)
414 creatures vanquished.

Vanquished Creatures (collateral kills)
  An unseen horror (D:15)
  2 orc knights (D:14)
  5 ugly things
  An ogre (D:10)
  A scorpion (D:6)
  4 killer bees (D:10)
  An electric eel (D:6)
  A bullfrog zombie (D:10)
  A hound (D:8)
  An orc wizard (D:6)
  5 orcs (D:6)
23 creatures vanquished.

Vanquished Creatures (others)
  A yak (D:12)
  A vampire mosquito (D:9)
  A tengu (D:9)
  2 centaurs (D:14)
  3 bullfrogs
  A killer bee (D:9)
  An electric eel (D:11)
  Jessica (D:3)
  A worker ant (D:8)
  A hound zombie (D:9)
  3 adders
  An adder skeleton (D:9)
  A worm (D:3)
  3 ball lightnings
  2 leopard geckos
  2 bats
  2 hobgoblins
  A rat (D:3)
  5 fungi (D:9)
  3 plants (D:9)
36 creatures vanquished.

Grand Total: 473 creatures vanquished

Notes
Turn   | Place    | Note
-------+----------+-------------------------------------------
     0 | D:1      | lapinsky the Demonspawn Fighter began the quest for the
                  | Orb.
     0 | D:1      | Reached XP level 1. HP: 18/18 MP: 1/1
    90 | D:1      | Gained mutation: You are partially covered in yellow
                  | scales. (AC +2) [demonic ancestry]
    90 | D:1      | Reached XP level 2. HP: 23/24 MP: 2/2
   152 | D:1      | Gained mutation: You have a pair of small horns on your
                  | head. [demonic ancestry]
   152 | D:1      | Reached XP level 3. HP: 28/29 MP: 3/3
   752 | D:2      | Found a stormy altar of Qazlal.
   755 | D:2      | Found a white marble altar of Elyvilon.
   759 | D:2      | Found a sparkling altar of Nemelex Xobeh.
   763 | D:2      | Became a worshipper of Nemelex Xobeh the Trickster
   778 | D:2      | Received a gift from Nemelex Xobeh
   819 | D:2      | Reached skill level 3 in Shields
   870 | D:2      | Gained mutation: You are mostly covered in yellow scales.
                  | (AC +3) [demonic ancestry]
   870 | D:2      | Reached XP level 4. HP: 19/35 MP: 4/4
  1879 | D:3      | Reached * piety under Nemelex Xobeh
  2218 | D:3      | Received a gift from Nemelex Xobeh
  2218 | D:3      | Noticed Jessica
  2220 | D:3      | Reached XP level 5. HP: 41/41 MP: 5/5
  2222 | D:3      | Killed Jessica
  2510 | D:3      | Received a gift from Nemelex Xobeh
  2718 | D:3      | Reached ** piety under Nemelex Xobeh
  2889 | D:4      | Found a staircase to the Ecumenical Temple.
  3025 | D:4      | Found a deep blue altar of Sif Muna.
  3176 | D:4      | Received a gift from Nemelex Xobeh
  3203 | D:4      | Noticed an ogre
  3208 | D:4      | Killed an ogre
  3208 | D:4      | Reached XP level 6. HP: 29/48 MP: 6/6
  3295 | D:4      | Found a glowing silver altar of Zin.
  3576 | D:4      | Found Etiliw's Antique Armour Emporium.
  3600 | D:4      | Reached skill level 1 in Dodging
  3645 | D:4      | Reached *** piety under Nemelex Xobeh
  3843 | D:5      | Entered Level 5 of the Dungeon
  3880 | D:5      | Noticed Menkaure
  3891 | D:5      | Killed Menkaure
  4100 | D:5      | Reached XP level 7. HP: 54/54 MP: 7/7
  4143 | D:5      | Received a gift from Nemelex Xobeh
  4149 | D:5      | Noticed Eustachio
  4167 | D:5      | Killed Eustachio
  4167 | D:5      | Reached skill level 4 in Shields
  4239 | D:5      | Reached skill level 5 in Axes
  4313 | D:5      | Noticed Grinder
  4316 | D:5      | Paralysed by Grinder for 2 turns
  4327 | D:5      | Killed Grinder
  4384 | D:5      | Gained mutation: You regenerate a little health from kills.
                  | [demonic ancestry]
  4384 | D:5      | Reached XP level 8. HP: 52/60 MP: 8/8
  4570 | D:5      | Noticed Prince Ribbit
  4577 | D:5      | Noticed Prince Ribbit
  4577 | D:5      | Prince Ribbit changed into Prince Ribbit the hog
  4580 | D:5      | Killed Prince Ribbit the hog
  4580 | D:5      | Reached skill level 5 in Shields
  4676 | D:6      | Reached skill level 5 in Armour
  4685 | D:6      | Noticed Nr616's ghost (novice MiBe)
  4687 | D:6      | Found a runed translucent door.
  4757 | D:6      | Received a gift from Nemelex Xobeh
  4816 | D:6      | Killed Nr616's ghost
  4816 | D:6      | Reached skill level 5 in Fighting
  4816 | D:6      | Reached skill level 1 in Stealth
  4816 | D:6      | Gained mutation: You are completely covered in yellow
                  | scales. (AC +4, rCorr) [demonic ancestry]
  4816 | D:6      | Reached XP level 9. HP: 40/68 MP: 9/9
  4944 | D:6      | Found Niara's Magic Scroll Shoppe.
  5033 | D:6      | Reached skill level 6 in Shields
  5248 | D:6      | Found a bloodstained altar of Trog.
  5312 | D:7      | Reached **** piety under Nemelex Xobeh
  5425 | D:7      | Received a gift from Nemelex Xobeh
  5429 | D:7      | Found Fenuth's Food Boutique.
  5725 | D:7      | Received a gift from Nemelex Xobeh
  5772 | D:7      | Found a snail-covered altar of Cheibriados.
  5772 | D:7      | Found a hazy altar of Hepliaklqana.
  6228 | D:8      | Reached skill level 7 in Shields
  6445 | D:8      | Received a gift from Nemelex Xobeh
  6484 | D:8      | You fall through a shaft!
  6551 | D:9      | Found a radiant altar of Vehumet.
  6574 | D:9      | Found a hide-covered altar of Uskayaw.
  6584 | D:9      | Received a gift from Nemelex Xobeh
  6678 | D:9      | Gained mutation: You have a pair of horns on your head.
                  | [demonic ancestry]
  6678 | D:9      | Reached XP level 10. HP: 22/74 MP: 10/10
  6932 | D:9      | Noticed a green ugly thing
  6939 | D:9      | Killed a green ugly thing
  6939 | D:9      | Reached skill level 1 in Invocations
  6944 | D:9      | Reached skill level 1 in Spellcasting
  6944 | D:9      | Reached skill level 1 in Evocations
  7023 | D:9      | Reached skill level 8 in Shields
  7111 | D:9      | Reached ***** piety under Nemelex Xobeh
  7194 | D:9      | Received a gift from Nemelex Xobeh
  7593 | D:9      | Noticed a two-headed ogre
  7594 | D:9      | Noticed an eye of devastation
  7594 | D:9      | a two-headed ogre changed into an eye of devastation
  7597 | D:9      | Reached skill level 1 in Staves
  7607 | D:9      | Killed an eye of devastation
  8005 | D:9      | Found a staircase to the Lair.
  8094 | D:9      | Found a glowing silver altar of Zin.
  8115 | D:9      | Noticed a two-headed ogre
  8126 | D:9      | Killed a two-headed ogre
  8126 | D:9      | Reached skill level 1 in Throwing
  8183 | D:9      | Reached XP level 11. HP: 64/81 MP: 15/15
  8407 | D:10     | Entered Level 10 of the Dungeon
  8474 | D:10     | Noticed Psyche
  8502 | D:10     | Killed Psyche
  8502 | D:10     | Reached skill level 1 in Maces & Flails
  8612 | D:10     | Reached skill level 5 in Invocations
  8976 | D:10     | Noticed Gastronok
  8998 | D:10     | Killed Gastronok
  9161 | D:10     | Noticed Harold
  9180 | D:10     | Killed Harold
  9244 | D:10     | Reached skill level 9 in Shields
  9249 | D:10     | Received a gift from Nemelex Xobeh
  9558 | D:11     | Killed an unseen horror
 10417 | D:11     | Reached XP level 12. HP: 88/88 MP: 19/19
 10446 | D:11     | Noticed an anaconda
 10446 | D:11     | a slime creature changed into an anaconda
 10461 | D:11     | Killed an anaconda
 10461 | D:11     | Reached skill level 5 in Spellcasting
 10604 | D:11     | Received a gift from Nemelex Xobeh
 10869 | D:11     | Received a gift from Nemelex Xobeh
 11409 | D:6      | Bought a scroll of identify for 24 gold pieces
 11409 | D:6      | Bought a scroll of identify for 24 gold pieces
 11409 | D:6      | Bought a scroll of identify for 24 gold pieces
 11409 | D:6      | Bought a scroll of teleportation for 36 gold pieces
 11608 | D:8      | Reached skill level 5 in Maces & Flails
 11623 | D:8      | Received a gift from Nemelex Xobeh
 11712 | D:8      | Noticed a seven-headed hydra
 11720 | D:8      | Killed a seven-headed hydra
 11815 | D:8      | Got a sapphire-encrusted ring mail
 11826 | D:8      | Identified the cursed +1 ring mail of Objectivity {rC++}
                  | (You found it on level 8 of the Dungeon)
 11939 | D:8      | Noticed a two-headed ogre
 11948 | D:8      | Killed a two-headed ogre
 12000 | D:8      | Noticed a two-headed ogre
 12015 | D:8      | Killed a two-headed ogre
 12468 | D:12     | Noticed a centaur warrior
 12478 | D:12     | Killed a centaur warrior
 12505 | D:12     | Reached skill level 10 in Shields
 12638 | D:12     | Found a staircase to the Orcish Mines.
 12663 | D:12     | Found a roughly hewn altar of Beogh.
 13245 | D:12     | Received a gift from Nemelex Xobeh
 13539 | D:12     | Noticed a two-headed ogre
 13549 | D:12     | Killed a two-headed ogre
 13874 | D:13     | Received a gift from Nemelex Xobeh
 13925 | D:13     | Found a portal to a secret trove of treasure.
 13994 | D:13     | Found Juuqupn's Mass Market.
 14222 | D:13     | Gained mutation: You regenerate health from kills. [demonic
                  | ancestry]
 14222 | D:13     | Reached XP level 13. HP: 95/96 MP: 20/20
 14365 | D:14     | Received a gift from Nemelex Xobeh
 14428 | D:14     | Reached skill level 5 in Dodging
 14817 | D:14     | Reached ****** piety under Nemelex Xobeh
 14838 | D:14     | Reached skill level 5 in Evocations
 15022 | D:14     | Received a gift from Nemelex Xobeh
 15315 | D:14     | Found a gate to the Vaults.
 15508 | D:15     | Entered Level 15 of the Dungeon
 15642 | D:15     | Found a shimmering altar of Xom.
 15743 | D:15     | Killed from afar by a twister

Skill      XL: |  1  2  3  4  5  6  7  8  9 10 11 12 13 |
---------------+----------------------------------------+-----
Armour         | 3 4 5 6 7 8 |  8.4
Axes           | 2 3 4 5 6 7 8 |  8.2
Shields        | 3 4 5 7 8 9 10 | 10.9
Dodging        | 1 2 3 4 6 |  6.4
Fighting       | 4 5 6 7 |  7.3
Stealth        | 1 |  1.4
Invocations    | 4 6 7 |  7.2
Spellcasting   | 3 4 5 |  5.0
Evocations     | 2 4 5 |  5.7
Staves         | 2 |  2.3
Throwing       | 1 2 |  2.1
Maces & Flails | 4 7 8 |  8.7

Action                   |  1- 3 |  4- 6 |  7- 9 | 10-12 | 13-15 || total
-------------------------+-------+-------+-------+-------+-------++-------
Melee: War axe           |    95 |   178 |     4 |       |       ||   277
       Headbutt          |     8 |    25 |    32 |   206 |    52 ||   323
       Hand axe          |       |       |   243 |    51 |       ||   294
       Quarterstaff      |       |       |       |    75 |       ||    75
       Morningstar       |       |       |       |   768 |   206 ||   974
Throw: Tomahawk          |       |       |       |    44 |    10 ||    54
 Abil: Draw Destruction  |       |     6 |     5 |    38 |    13 ||    62
       Draw Summoning    |       |       |     3 |     2 |     2 ||     7
Evoke: Wand              |       |       |       |     3 |     2 ||     5
  Use: Scroll            |       |     5 |    10 |    14 |     2 ||    31
       Potion            |       |     1 |       |     2 |       ||     3
 Stab: Distracted        |       |       |       |     3 |       ||     3
       Confused          |       |       |       |     1 |       ||     1
  Eat: Chunk             |       |     6 |     1 |     3 |     2 ||    12
       Ration            |       |     2 |     3 |     8 |     1 ||    14
Armor: Scale mail        |    73 |    56 |       |       |       ||   129
       Chain mail        |       |    36 |   136 |    90 |       ||   262
       Plate armour      |       |       |       |   509 |   147 ||   656
Dodge: Dodged            |    36 |    36 |    38 |   255 |    62 ||   427
Block: Shield            |    61 |   146 |   190 |   823 |   215 ||  1435
       Reflection        |       |     4 |     4 |     8 |    12 ||    28
       Other             |       |       |    10 |    46 |       ||    56
